 Dungeon Crawl Stone Soup version 0.27-a0-931-g5a74e75d8f (webtiles) character file.

Game seed: 7075358149725170953

224 Alarkh the Ruffian (level 5, -5/39 HPs)
             Began as a Demonspawn Gladiator on Apr 10, 2021.
             Killed from afar by an orc wizard (11 damage)
             ... with a puff of flame
             ... on level 3 of the Dungeon.
             The game lasted 00:03:32 (2144 turns).

Alarkh the Ruffian (Demonspawn Gladiator)           Turns: 2144, Time: 00:03:33

Health: -5/39      AC:  4    Str: 15    XL:     5   Next: 67%
Magic:  5/5        EV: 13    Int: 10    God:
Gold:   93         SH:  0    Dex: 14    Spells: 4/4 levels left

rFire    . . .     SeeInvis .     - Unarmed
rCold    . . .     Faith    .   (no shield)
rNeg     . . .     Spirit   .   a - +0 leather armour
rPois    .         Reflect  .   b - +0 helmet
rElec    .         Harm     .   (no cloak)
rCorr    .         Rampage  .   (no gloves)
Will     .....                  (no boots)
Stlth    +.........             f - amulet of regeneration
HPRegen  1.13/turn              (no ring)
MPRegen  0.09/turn              (no ring)

@: lethally poisoned (-5 -> -5)
A: hooves 1, demonic guardian 1, powered by death 2
a: no special abilities


You were on level 3 of the Dungeon.
You visited 1 branch of the dungeon, and saw 3 of its levels.

You collected 93 gold pieces.

Inventory:

Missiles
 c - 3 throwing nets (quivered)
 o - 3 boomerangs of dispersal
Armour
 a - a +0 leather armour (worn)
 b - a +0 helmet (worn)
Jewellery
 f - an amulet of regeneration (around neck)
Wands
 p - a wand of random effects (17)
Scrolls
 d - a scroll of fog {unknown}
 j - 2 scrolls of acquirement {unknown}
 k - 3 scrolls of identify {unknown}
 l - a scroll of enchant weapon {unknown}
 m - a scroll of teleportation {unknown}
Potions
 e - a potion of curing {unknown}
 g - a potion of berserk rage {unknown}
 h - 2 potions of flight {unknown}
 i - 3 potions of brilliance {unknown}
 n - a potion of heal wounds


   Skills:
 + Level 2.5 Fighting
 + Level 1.7 Throwing
 + Level 2.1 Armour
 + Level 3.8 Dodging
 + Level 0.1 Stealth
 + Level 4.2 Unarmed Combat


You had 4 spell levels left.
You didn't know any spells.
Your spell library contained the following spells:

 Spells                   Type           Power      Damage    Failure   Level
 Animate Skeleton         Necr           0%         N/A       43%         1
 Apportation              Tloc           0%         N/A       43%         1
 Corona                   Hex            0%         N/A       43%         1
 Summon Small Mammal      Summ           0%         N/A       43%         1


Dungeon Overview and Level Annotations

Branches:
Dungeon (3/15)

Altars:

Shops:
D:1 *:?


Innate Abilities, Weirdness & Mutations

You have large cloven feet.
A weak demonic guardian rushes to your aid.
You regenerate health from kills.


Message History

You are too injured to fight recklessly!
You are too injured to fight recklessly!
You are too injured to fight recklessly!
You are too injured to fight recklessly!
You are too injured to fight recklessly!
You are too injured to fight recklessly!
You are too injured to fight recklessly!
You are too injured to fight recklessly!
You are too injured to fight recklessly!
You swap places.
You feel very sick.
Your iron imp barely misses something.
Something hits your iron imp.
Your iron imp is poisoned.
Okay, then.
You feel very sick. Something barely misses your iron imp.
There is a stone staircase leading down here.
You feel very sick.
Your iron imp hits something!
Something hits your iron imp but does no damage.
You feel very sick.
You feel sick.
A magic dart appears from out of thin air!
The magic dart hits your iron imp. What are your orders? t - Shout!
Orders for allies: a - Attack new target. r - Retreat! s - Stop attacking. g - Guard the area. f - Follow me.
Anything else - Cancel.
Gang up on whom?
Press: ? - help, Dir - move target, f - bat
Aim: a bat Attack!
You feel sick. Something hits your iron imp.
You feel sick. Something hits your iron imp.
Your iron imp dies!
You feel sick.
A puff of flame appears from out of thin air!
The puff of flame hits you!
You die...

###...##...#....####..###
....###)...####..# #.#
#####.....## #... #.. # #.##..###
##. .# . #....^..# .########.#
#####.......####### .........#
................... .........
#####.......).###########).......
................@....>.{bo#
.....#...#######....#######
#...##.#.# ####..## #...##.#.#
##..# ######.#.# ##.### #.#.#
#...# ####.#.# ###.## #....#.#
###..## #....#.# #.....#


There were no monsters in sight!

Vanquished Creatures
  An orc priest (D:2)
  3 gnolls (D:2)
  2 adders (D:2)
  A dart slug (D:1)
  8 orcs
  3 ball pythons
  2 endoplasms (D:2)
  2 goblins
  5 hobgoblins
  8 jackals
  4 kobolds
  A quokka (D:2)
  6 bats
  5 frilled lizards
  2 rats
53 creatures vanquished.

Vanquished Creatures (collateral kills)
  A centaur (D:3)
  An orc wizard (D:3)
  An adder (D:2)
  3 orcs (D:3)
6 creatures vanquished.

Grand Total: 59 creatures vanquished

Notes
Turn   | Place    | Note
-------+----------+-------------------------------------------
     0 | D:1      | Alarkh the Demonspawn Gladiator began the quest for the
                  | Orb.
     0 | D:1      | Reached XP level 1. HP: 16/16 MP: 1/1
    99 | D:1      | Found Kawisora's Book Shop.
   207 | D:1      | Found Les Dyaq's Magic Scroll Emporium.
   379 | D:1      | Found Taideog's General Store.
   421 | D:1      | Found a faded altar of an unknown god.
   831 | D:2      | Gained mutation: You regenerate a little health from kills.
                  | [demonic ancestry]
   831 | D:2      | Reached XP level 2. HP: 15/22 MP: 2/2
   845 | D:2      | Reached skill level 3 in Unarmed Combat
  1246 | D:2      | Gained mutation: A weak demonic guardian rushes to your
                  | aid. [demonic ancestry]
  1246 | D:2      | Reached XP level 3. HP: 27/27 MP: 3/3
  1444 | D:2      | Gained mutation: You have large cloven feet. [demonic
                  | ancestry]
  1444 | D:2      | Reached XP level 4. HP: 30/31 MP: 4/4
  1462 | D:2      | Reached skill level 1 in Armour
  1982 | D:3      | Noticed a centaur
  2010 | D:3      | Killed a centaur
  2011 | D:3      | Reached skill level 4 in Unarmed Combat
  2011 | D:3      | Gained mutation: You regenerate health from kills. [demonic
                  | ancestry]
  2011 | D:3      | Reached XP level 5. HP: 14/39 MP: 5/5
  2144 | D:3      | Killed from afar by an orc wizard

Illustrated notes

Levels and vault maps discovered:
D:1:      heliophobic_arrival_enchanted_forest, layout_basic, serial_shops,
          nicolae_shop_stone, shop, shop, ebering_ecumenical_altar_hall
D:2:      kennysheep_big_flooded_room, layout_loops_ring
D:3:      layout_rooms

Skill      XL: |  1  2  3  4 |
---------------+-------------+-----
Dodging        | 3 |  3.8
Unarmed Combat | 3 4 |  4.2
Armour         | 2 |  2.1
Fighting       | |  2.5
Throwing       | |  1.7
Stealth        | |  0.1

Action                   |  1- 3 |  4- 6 || total
-------------------------+-------+-------++-------
Melee: Unarmed           |   157 |   139 ||   296
       Punch             |     1 |     2 ||     3
       Kick              |       |    35 ||    35
  Use: Potion            |       |     1 ||     1
Armor: Leather armour    |    40 |    28 ||    68
Dodge: Dodged            |   107 |   115 ||   222

Table legend: (Time is in decaauts)
 A = Elapsed time spent in this place.
 B = Non-inter-level travel time spent in this place.
 C = Inter-level travel time spent in this place.
 D = Time resting spent in this place.
 E = Time spent auto-exploring this place.
 F = Levels seen in this place.
 G = Mean time per level.
                   A        B        C        D        E       F      G
               +--------+--------+--------+--------+--------+-----+--------+
         Total |   2126 |   1970 |    156 |     25 |   1385 |   3 |  708.7 |
       Dungeon |   2126 |   1970 |    156 |     25 |   1385 |   3 |  708.7 |
               +--------+--------+--------+--------+--------+-----+--------+

Top non-repeatable levels by time:
     D:2: 884 daAuts
     D:1: 883 daAuts
     D:3: 357 daAuts
